 Dungeon Crawl Stone Soup version 0.30.1-11-g7821555f0a (webtiles) character file.

Game seed: 11064375642312723010

34319 Queen the Fighter (level 13, -2/147 HPs)
             Began as a Grey Draconian Transmuter on Nov 11, 2023.
             Was an Initiate of Gozag.
             Slain by a dire elephant (17 damage)
             ... on level 5 of the Lair of Beasts.
             The game lasted 01:05:02 (18963 turns).

Queen the Fighter (Grey Draconian Transmuter)      Turns: 18963, Time: 01:05:02

Health: -2/147     AC:  7    Str: 13    XL:     13   Next: 41%
Magic:  14/17      EV: 13    Int: 18    God:    Gozag
Gold:   1915       SH:  0    Dex: 12    Spells: 6/18 levels left

rFire   x .          .
                       - Unarmed
rCold   + + +        (shield currently unavailable)
rNeg    . . .        (body armour unavailable)
rPois   +            (helmet currently unavailable)
rElec   .            G - melded +2 ratskin cloak {*Rats rPois rN+ Str-1 Int-1 Dex+1}
rCorr   .            r - melded +0 pair of gloves
SInv    .            y - melded +0 pair of boots
Will    .....        p - amulet of the acrobat
Stlth   +            b - ring of protection from cold
HPRegen 0.44/turn    t - +4 ring of slaying
MPRegen 0.15/turn

%: acrobat
@: ice-form
A: freezing attack, boosted hp, AC +13, amphibious, large, unfitting armour,
(cold-blooded)
a: End Transformation, Renounce Religion, Potion Petition, Call Merchant, Bribe
Branch


You were on level 5 of the Lair of Beasts.
You worshipped Gozag.
Gozag was most pleased with you.
You were a creature of crystalline ice.
You visited 2 branches of the dungeon, and saw 14 of its levels.
You visited the Abyss 1 time.

You collected 3436 gold pieces.
You spent 541 gold pieces at shops.
You paid 980 gold pieces to Gozag.

Inventory:

Armour
 j - a +2 cloak
 r - a +0 pair of gloves (melded)
 y - a +0 pair of boots (melded)
 G - the +2 ratskin cloak (melded) {*Rats rPois rN+ Str-1 Int-1 Dex+1}
   (You found it on level 2 of the Lair of Beasts)

   *Rats:     When the wearer is hurt, rats may emerge from it to assist them.
   Str:       It affects your strength (-1).
   Int:       It affects your intelligence (-1).
   Dex:       It affects your dexterity (+1).
   rPois:     It protects you from poison.
   rN:        It protects you from negative energy.
Jewellery
 b - a ring of protection from cold (left front paw)
 d - a ring of fire
 g - a ring of see invisible
 p - an amulet of the acrobat (around neck)
 t - a +4 ring of slaying (right front paw)
Wands
 B - a wand of quicksilver (7)
 D - a wand of paralysis (1)
Scrolls
 c - 2 scrolls of amnesia {unknown}
 e - 2 scrolls of torment
 i - 5 scrolls of fog
 k - 2 scrolls of brand weapon
 m - a scroll of silence
 n - 3 scrolls of enchant armour
 s - a scroll of immolation
 u - a scroll of enchant weapon {unknown}
 w - a scroll of vulnerability
 x - 2 scrolls of fear
 A - a scroll of summoning {unknown}
 C - a scroll of poison
 E - a scroll of teleportation
 H - a scroll of magic mapping {unknown}
Potions
 a - 2 potions of lignification
 f - 3 potions of curing
 h - 2 potions of mutation
 l - a potion of might
 o - 2 potions of invisibility
 q - 2 potions of haste
 v - a potion of attraction
 z - 2 potions of flight
Miscellaneous
 F - a lightning rod (4/4)
 J - a box of beasts


   Skills:
 + Level 13.7 Fighting
 + Level 10.2 Dodging
 + Level 12.8 Unarmed Combat
 - Level 3.0 Spellcasting
 + Level 10.7 Transmutations
 - Level 2.0 Ice Magic


You had 6 spell levels left.
You knew the following spells:

 Your Spells              Type           Power      Damage    Failure   Level
a - Beastly Appendage     Tmut           82%        N/A       1%          1
b - Wereblood             Tmut           41%        N/A       1%          2
c - Spider Form           Tmut/Pois      22%        N/A       5%          3
d - Ice Form              Ice/Tmut       25%        N/A       12%         4
e - Passwall              Tmut/Erth      18%        N/A       2%          2

Your spell library contained the following spells:

 Spells                   Type           Power      Damage    Failure   Level
 Ensorcelled Hibernation  Hex/Ice        12%        N/A       16%         2
 Frozen Ramparts          Ice            18%        1d3       22%         3
 Cigotuvi's Dreadful Rot  Necr/Pois/Air  4%         N/A       24%         2
 Scorch                   Fire           4%         2d5       24%         2
 Call Canine Familiar     Summ           2%         N/A       43%         3
 Portal Projectile        Hex/Tloc       4%         N/A       43%         3
 Swiftness                Air            2%         N/A       43%         3
 Summon Ice Beast         Ice/Summ       6%         N/A       71%         4
 Dispel Undead            Necr           2%         3d7       85%         4
 Flame Wave               Conj/Fire      2%         2d4       85%         4
 Leda's Liquefaction      Hex/Erth       1%         N/A       85%         4
 Olgreb's Toxic Radiance  Pois           2%         N/A       85%         4
 Death Channel            Necr           1%         N/A       100%        6
 Summon Cactus Giant      Summ           1%         N/A       100%        6
 Discord                  Hex            1%         N/A       100%        8
 Ignition                 Fire           1%         3d3       100%        8


Dungeon Overview and Level Annotations

Branches:
Dungeon (9/15)             Temple (0/1) D:7            Lair (5/5) D:8
 Shoals (0/4) Lair:2       Spider (0/4) Lair:3        Slime (0/5) Lair:5
    Orc: D:9-12

Altars:
Ashenzari
Dithmenos
Elyvilon
Fedhas
Gozag
Nemelex Xobeh
Okawaru
Qazlal
Ru
Trog
Uskayaw
Zin
The Shining One
Jiyva

Shops:
D:2 *!   D:3 *   D:7 *

Annotations:
D:6 exclusion: 2 downstairs
D:7 exclusion: 2 downstairs
D:9 Grum
Lair:3 2 transporters, Peloso's ghost, journeyman MiFi
Lair:4 exclusion: 3 downstairs
Lair:5 exclusion: 3 doors


Innate Abilities, Weirdness & Mutations

You are a creature of crystalline ice.
You have a powerful freezing melee attack.
Your maximum health is increased.
Your armour is entirely melded.
You are incapable of wielding weapons or throwing items.
((Your dull iron-grey scales are very hard. (AC +13)))
You are amphibious.
You cannot fit into any form of body armour.
((You are cold-blooded and may be slowed by cold attacks.))


Message History

The four-headed hydra closely misses you.
The four-headed hydra bites you!
The four-headed hydra barely misses you.
You pummel the four-headed hydra!!
The four-headed hydra seems to slow down.
You freeze the four-headed hydra.
You kill the four-headed hydra!
You hit the dire elephant. You freeze the dire elephant.
The dire elephant is lightly wounded.
The dire elephant tramples you!
You stumble backwards!
You pummel the dire elephant like a punching bag!!!
You freeze the dire elephant!
The dire elephant is heavily wounded.
You hit the dire elephant but do no damage.
The dire elephant is heavily wounded.
The dire elephant tramples you!!
You hold your ground!
The dire elephant trunk-slaps you.
You hit the dire elephant but do no damage.
The dire elephant is heavily wounded.
The dire elephant tramples you!
You hold your ground!
The dire elephant barely misses you. The dream sheep bites you.
The dream sheep ruffles its wool and motes of dream dust sparkle, to no effect.
You punch the dire elephant! You freeze the dire elephant.
The dire elephant is heavily wounded.
The dire elephant tramples you but does no damage.
The dire elephant trunk-slaps you!
* * * LOW HITPOINT WARNING * * *
You punch the dire elephant! You freeze the dire elephant.
The dire elephant is severely wounded.
You hit the dire elephant but do no damage.
The dire elephant is severely wounded.
The dream sheep ruffles its wool and motes of dream dust sparkle, to no effect.
The dire elephant tramples you!!
* * * LOW HITPOINT WARNING * * *
You stumble backwards!
You punch the dire elephant! You freeze the dire elephant!
The dire elephant is almost dead.
The dire elephant tramples you!
You die...
Your body crumbles into a pile of gold.

..#.##..##.#.#.#.###.#..#.#
....#...##.#...'.#[+.#...##
.....##.##...#.#.###.#..## #
[.#.#.#..#.#.#.#.....#...## #
..#..#.....#.#.#######....#######
..#..##...#.#.............#..#..#
.#.#..#..#.#..####.#.#...........
.#..###.#.#...#.#.#.##..........#
...#####.#.#####Y.............#..
.#.###.#.#.#.##..Y####....#......
.##.#..##.##..####.##..P.....#...
.........#.#.#..^.Y...........##.
.#######.#.#.#.###$###........#.#
#.....#....#..# ... #..........#
#.###.#.##....#.###.#...........
+)#.'.#####.#.#$#.#......#....
#.###.#.#.#...#.#+#.#......#....


You could see a dire elephant and a dream sheep.

Vanquished Creatures
  4 hydras
  A catoblepas (Lair:5)
  10 death yaks
  2 skysharks
  Maurice (D:8)
  7 elephants
  8 black mambas
  9 cane toads
  A torpor snail (Lair:2)
  4 rime drakes
  Psyche (D:7)
  9 komodo dragons
  2 polar bears (Lair:5)
  14 blink frogs
  Prince Ribbit (D:7)
  A culicivora (Lair:3)
  22 yaks
  A wyvern (Lair:4)
  4 basilisks
  An acid dragon (D:8)
  13 water moccasins
  4 black bears
  3 sky beasts
  8 wolves
  An ogre (D:5)
  2 centaurs (D:7)
  A kobold brigand (D:7)
  5 bullfrogs
  4 scorpions
  8 wights (D:7)
  6 killer bees (D:8)
  An electric eel (Lair:3)
  3 howler monkeys (D:8)
  A jelly (D:6)
  5 orc priests
  A gnoll bouda (D:7)
  4 hounds
  4 sleepcaps
  15 iguanas
  10 orc wizards
  Robin (D:3)
  4 adders
  4 gnolls (D:7)
  A shadow imp (D:5)
  A white imp (D:6)
  An ufetubus (D:4)
  4 worms
  3 dart slugs
  16 orcs
  5 ball pythons
  8 endoplasms
  3 giant cockroaches
  15 goblins
  12 hobgoblins
  13 jackals
  9 kobolds
  7 quokkas
  10 bats
  18 frilled lizards
  6 rats
  2 butterflies (Lair:5)
345 creatures vanquished.

Vanquished Creatures (collateral kills)
  A culicivora (Lair:3)
1 creature vanquished.

Grand Total: 346 creatures vanquished

Notes
Turn   | Place    | Note
-------+----------+-------------------------------------------
     0 | D:1      | Queen the Draconian Transmuter began the quest for the Orb.
     0 | D:1      | Reached XP level 1. HP: 16/16 MP: 3/3
   112 | D:1      | Reached XP level 2. HP: 23/23 MP: 3/5
   425 | D:1      | Reached XP level 3. HP: 28/28 MP: 4/6
   838 | D:2      | Learned a level 2 spell: Wereblood
   842 | D:2      | Learned a level 3 spell: Spider Form
   898 | D:2      | Found Tysuotic's Assorted Antiques.
  1119 | D:2      | Identified the +1 falchion of Light {heavy, rElec rF+
                  | Will+}
  1600 | D:2      | Noticed a scorpion
  1622 | D:2      | Found Kobal's Distillery.
  1638 | D:2      | Bought a potion of curing for 36 gold pieces
  1690 | D:2      | Reached XP level 4. HP: 36/36 MP: 5/7
  1770 | D:2      | Killed a scorpion
  1771 | D:2      | Reached skill level 2 in Fighting
  1891 | D:2      | Found Kobal's Distillery.
  2480 | D:2      | Found Tysuotic's Assorted Antiques.
  2728 | D:3      | Learned a level 2 spell: Passwall
  2762 | D:3      | Found an opulent altar of Gozag.
  2763 | D:3      | Found a glowing silver altar of Zin.
  2788 | D:3      | Became a worshipper of Gozag Ym Sagoz the Greedy
  2837 | D:3      | Reached XP level 5. HP: 41/41 MP: 6/9
  3185 | D:3      | Noticed Robin
  3205 | D:3      | Killed Robin
  3591 | D:3      | Found Cudyxko's General Store.
  3601 | D:3      | Bought a +0 pair of gloves for 58 gold pieces
  3669 | D:2      | Bought a potion of curing for 36 gold pieces
  3669 | D:2      | Bought a potion of heal wounds for 60 gold pieces
  3669 | D:2      | Bought a potion of haste for 120 gold pieces
  4072 | D:4      | Found a stormy altar of Qazlal.
  4137 | D:4      | Reached XP level 6. HP: 50/50 MP: 6/10
  4187 | D:4      | Reached skill level 3 in Fighting
  4504 | D:4      | Found a bloodstained altar of Trog.
  4504 | D:4      | Found a sparkling altar of Nemelex Xobeh.
  4509 | D:4      | Found a sacrificial altar of Ru.
  4522 | D:4      | Found a broken altar of Ashenzari.
  4530 | D:4      | Found a hide-covered altar of Uskayaw.
  4533 | D:4      | Found an iron altar of Okawaru.
  5355 | D:2      | Bought a potion of invisibility for 96 gold pieces
  5523 | D:5      | Entered Level 5 of the Dungeon
  5768 | D:5      | Reached skill level 4 in Fighting
  6322 | D:5      | Your scales start taking on a dull iron-grey colour.
  6322 | D:5      | Reached XP level 7. HP: 59/59 MP: 9/11
  6622 | D:6      | Reached skill level 5 in Unarmed Combat
  6764 | D:6      | Reached skill level 5 in Fighting
  6943 | D:6      | Reached XP level 8. HP: 62/69 MP: 12/12
  6948 | D:6      | Learned a level 4 spell: Ice Form
  7134 | D:6      | Found a glowing golden altar of the Shining One.
  7134 | D:6      | Found a shadowy altar of Dithmenos.
  7143 | D:6      | Found a faded altar of an unknown god.
  7145 | D:6      | Found a faded altar of an unknown god.
  7147 | D:6      | Found a white marble altar of Elyvilon.
  7503 | D:7      | Found Zoonwodd's Assorted Antiques.
  7526 | D:7      | Reached skill level 6 in Fighting
  7529 | D:7      | Bought a moonstone ring for 135 gold pieces
  7909 | D:7      | Reached skill level 7 in Fighting
  7979 | D:7      | Noticed Prince Ribbit
  8114 | D:7      | Killed Prince Ribbit
  8115 | D:7      | Reached skill level 5 in Transmutations
  8115 | D:7      | Reached XP level 9. HP: 79/79 MP: 11/13
  8381 | D:7      | Found a staircase to the Ecumenical Temple.
  8421 | D:7      | Reached skill level 5 in Dodging
  8508 | D:8      | Noticed Psyche
  8630 | D:8      | Reached skill level 8 in Fighting
  8835 | D:8      | Noticed Maurice
  9051 | D:8      | Killed Maurice
  9157 | D:8      | Found a blossoming altar of Fedhas.
  9185 | D:8      | Reached skill level 9 in Fighting
  9348 | Abyss:1  | Cast into level 1 of the Abyss (Psyche)
  9384 | Abyss:1  | Noticed a thrashing horror
  9404 | Abyss:1  | Found a corrupted altar of Lugonu.
  9413 | Abyss:1  | Noticed a white very ugly thing
  9413 | Abyss:1  | Noticed a white very ugly thing
  9463 | Abyss:1  | Noticed a white very ugly thing
  9507 | Abyss:1  | Noticed a large abomination
  9521 | Abyss:1  | Noticed a rakshasa
  9528 | Abyss:1  | Noticed an ancient zyme
  9543 | Abyss:1  | Found a corrupted altar of Lugonu.
  9557 | D:8      | Escaped the Abyss
  9627 | D:7      | Killed Psyche
  9965 | D:8      | Found a staircase to the Lair.
  9972 | D:8      | Reached XP level 10. HP: 82/91 MP: 14/14
 10382 | D:9      | Noticed Grum
 10407 | Lair:1   | Entered Level 1 of the Lair of Beasts
 10744 | Lair:1   | Identified the +1 ring mail of Didwuv {+Inv Fly rElec}
 10981 | Lair:1   | Noticed a cane toad
 10990 | Lair:1   | Killed a cane toad
 10991 | Lair:1   | Reached skill level 10 in Fighting
 11539 | Lair:1   | Noticed a black mamba
 11546 | Lair:1   | Killed a black mamba
 11547 | Lair:1   | Reached skill level 1 in Ice Magic
 11886 | Lair:2   | Noticed a torpor snail
 11892 | Lair:2   | Killed a torpor snail
 11983 | Lair:2   | Found the +2 ratskin cloak {*Rats rPois rN+ Str-1 Int-1
                  | Dex+1}
 12428 | Lair:2   | Noticed a cane toad
 12442 | Lair:2   | Killed a cane toad
 12585 | Lair:2   | Found a staircase to the Shoals.
 12820 | Lair:3   | Reached skill level 10 in Unarmed Combat
 12848 | Lair:3   | Reached XP level 11. HP: 86/101 MP: 15/15
 13426 | Lair:3   | Reached skill level 11 in Fighting
 13692 | Lair:3   | Noticed Peloso's ghost (journeyman MiFi)
 13707 | Lair:3   | Found a transporter.
 13759 | Lair:3   | Found a transporter.
 13786 | Lair:3   | Found a hole to the Spider Nest.
 15210 | Lair:4   | Reached XP level 12. HP: 106/112 MP: 16/16
 15234 | Lair:4   | Noticed a four-headed hydra
 15245 | Lair:4   | Killed a four-headed hydra
 15246 | Lair:4   | Reached skill level 12 in Fighting
 15795 | Lair:5   | Entered Level 5 of the Lair of Beasts
 15795 | Lair:5   | Noticed a five-headed hydra
 15801 | Lair:5   | Killed a five-headed hydra
 15806 | Lair:5   | Noticed a death yak
 15806 | Lair:5   | Noticed a death yak
 15807 | Lair:5   | Noticed a death yak
 15852 | Lair:5   | Noticed a death yak
 15852 | Lair:5   | Noticed a death yak
 15852 | Lair:5   | Noticed a death yak
 15853 | Lair:5   | Noticed a death yak
 15958 | Lair:5   | Noticed a death yak
 15960 | Lair:5   | Noticed a death yak
 15966 | Lair:4   | Killed a death yak
 15973 | Lair:4   | Killed a death yak
 16223 | Lair:5   | Noticed a death yak
 16233 | Lair:5   | Killed a death yak
 16233 | Lair:5   | Noticed a catoblepas
 16241 | Lair:4   | Killed a death yak
 16465 | Lair:5   | Noticed a dire elephant
 16465 | Lair:5   | Noticed a dire elephant
 16693 | Lair:5   | Killed a catoblepas
 16704 | Lair:5   | Killed a death yak
 16709 | Lair:5   | Killed a death yak
 16994 | Lair:5   | Noticed a five-headed hydra
 17012 | Lair:5   | Killed a five-headed hydra
 17013 | Lair:5   | Reached skill level 13 in Fighting
 17101 | Lair:5   | Reached skill level 10 in Transmutations
 17137 | Lair:4   | Reached XP level 13. HP: 46/122 MP: 17/17
 18104 | Lair:5   | Reached skill level 10 in Dodging
 18301 | Lair:5   | HP: 7/146 [death yak (25)]
 18871 | Lair:5   | Found a viscous altar of Jiyva.
 18871 | Lair:5   | Found a staircase to the Slime Pits.
 18949 | Lair:5   | Noticed a dire elephant
 18963 | Lair:5   | Slain by a dire elephant

Illustrated notes

Levels and vault maps discovered:
D:1:      grunt_arrival_lava_bath, layout_basic
D:2:      layout_loops_corners, serial_shops, nicolae_lakefront_shop,
          nicolae_shop_tiny_waterfront, st_stairs_12
D:3:      layout_basic, grunt_temple_overflow_gold_and_silver, serial_shops,
          nicolae_lakefront_shop, uniq_robin
D:4:      layout_layer_cave, nicolae_overflow_crystal_walls,
          nicolae_overflow_hallway_of_the_gods
D:5:      layout_loops_cross, hangedman_abyss_or_decor_passed,
          minmay_tree_intersection, minmay_misc_feat_alley, roderic_lattice_a,
          minivault_19
D:6:      layout_basic, chequers_temple_overflow_minitemple,
          nicolae_figureground_pulse
D:7:      layout_cave_pools, minmay_temple_entry_enclosed_plants, serial_shops,
          nicolae_stop_n_shop_2, kennysheep_generic_room_6, uniq_prince_ribbit1
D:8:      layout_cave_pods, fedhas_altar_1, lair_entry_dummy, uniq_maurice,
          uniq_psyche
D:9:      layout_loops_ring, worldfamousw_hep_ancestral_shrine,
          mainiacjoe_overflow_tiny_flanked, mainiacjoe_overflow_chevrons,
          serial_shops, shop, amcnicky_mini_rare_corridor_liquid,
          kennysheep_kite_vault, uniq_grum
Lair:1:   layout_cave_pods
Lair:2:   layout_cellular_growth, elwin_shoals_entry_rocks
Lair:3:   lemuel_reptile_caves, layout_small_grid,
          hellmonk_spider_entry_life_and_decay,
          gammafunk_ghost_berserking_beasts
Lair:4:   layout_roguey
Lair:5:   due_jungle_book, layout_loops_ring, dpeg_slime_entry_corner,
          gauntlet_entry_generic, minmay_shattered_shrine, lemuel_fruit_fields

Skill      XL: |  1  2  3  4  5  6  7  8  9 10 11 12 13 |
---------------+----------------------------------------+-----
Dodging        | 2 3 4 5 6 8 9 10 | 10.2
Transmutations | 3 4 5 6 8 10 | 10.7
Fighting       | 2 4 5 7 9 10 11 13 | 13.7
Spellcasting   | 3 |  3.0
Unarmed Combat | 4 5 7 8 10 11 12 | 12.8
Ice Magic      | 2 |  2.0

Action                     |  1- 3 |  4- 6 |  7- 9 | 10-12 | 13-15 || total
---------------------------+-------+-------+-------+-------+-------++-------
  Melee: Unarmed           |   100 |   198 |   259 |   479 |   119 ||  1155
         Kick              |    14 |    43 |    69 |   108 |     3 ||   237
         Headbutt          |    12 |    22 |    35 |    70 |     3 ||   142
         Tailslap          |     9 |    15 |    36 |    40 |     2 ||   102
         Punch             |       |     4 |    17 |    18 |     1 ||    40
   Cast: Beastly Appendage |    26 |    39 |    36 |    42 |     3 ||   146
         Wereblood         |       |     5 |     2 |     4 |       ||    11
         Spider Form       |       |     1 |     3 |     5 |       ||     9
         Ice Form          |       |       |       |    13 |    10 ||    23
 Invoke: Potion Petition   |       |       |       |     1 |     1 ||     2
Ability: End Transformatio |       |       |       |     1 |       ||     1
    Use: Scroll            |       |     4 |    11 |     4 |     1 ||    20
         Potion            |       |       |     3 |     1 |     2 ||     6
   Stab: Sleeping          |     1 |     1 |       |       |       ||     2
         Distracted        |       |     2 |       |     4 |       ||     6
         Invisible         |       |       |       |     1 |     1 ||     2
         Petrified         |       |       |       |     5 |       ||     5
 Armour: Skin              |    32 |    63 |   124 |   109 |    26 ||   354
  Dodge: Dodged            |    56 |   105 |   178 |   225 |    77 ||   641
